 Dungeon Crawl Stone Soup version 0.19-a0-1875-g4fea3da (webtiles) character file.

3049 jerryfan the Magician (level 9, -2/69 HPs)
             Began as a Pale Draconian Wizard on Oct 11, 2016.
             Was a Believer of Sif Muna.
             Slain by a spiny frog (15 damage)
             ... on level 1 of the Lair of Beasts on Oct 13, 2016.
             The game lasted 01:07:31 (9226 turns).

jerryfan the Magician (Pale Draconian Wizard)       Turns: 9226, Time: 01:07:32

Health: -2/69      AC:  8    Str: 18    XL:     9   Next: 57%
Magic:  0/19       EV: 16    Int: 23    God:    Sif Muna [**....]
Gold:   358        SH:  0    Dex:  8    Spells: 6 memorised, 8 levels left

rFire  . . .     SeeInvis .     l - +3 dagger (venom)
rCold  . . .     Gourm    .     (armour unavailable)
rNeg   . . .     Faith    .     (no shield)
rPois  .         Spirit   +     a - +0 hat
rElec  .         Dismiss  .     (no cloak)
rCorr  .         Reflect  .     x - +0 pair of gloves
MR     .....     Harm     .     (no boots)
Stlth  ++........               B - amulet of guardian spirit
                                y - +3 ring of evasion
                                t - ring of Xeixunyb {+Fly Str+8 Int+2 Dex-2 Slay-4}

@: short of breath, very slightly contaminated
A: breathe steam, unfitting armour, cold-blooded, AC +7
a: Breathe Steam, Divine Energy, Renounce Religion, Evoke Flight


You were on level 1 of the Lair of Beasts.
You worshipped Sif Muna.
Sif Muna was pleased with you.
You were hungry.

You visited 3 branches of the dungeon, and saw 11 of its levels.
You also visited: Ossuary.

You collected 358 gold pieces.

Inventory:

Hand Weapons
 d - the +8 whip "Gram" {antimagic, rN+}
   (You found it on level 6 of the Dungeon)

   It reduces the magical energy of the wielder, and disrupts the spells and
   magical abilities of those hit.
   Natural abilities and divine invocations are not affected.
   It protects you from negative energy.
 h - a +0 whip
 l - a +3 dagger of venom (weapon)
 u - the +4 Vampire's Tooth {vamp}
   (You found it on level 5 of the Dungeon)

   It inflicts no extra harm, but heals its wielder when it wounds a living foe.
Missiles
 w - 114 sling bullets
Armour
 a - a +0 hat (worn)
 s - a +0 pair of gloves
 x - a +0 pair of gloves (worn)
Magical Staves
 p - an uncursed staff of death
Jewellery
 t - the ring of Xeixunyb (left hand) {+Fly Str+8 Int+2 Dex-2 Slay-4}
   (You found it on level 4 of the Dungeon)

   [ring of flight]

   It affects your strength (+8).
   It affects your intelligence (+2).
   It affects your dexterity (-2).
   It affects your accuracy and damage with ranged weapons and melee attacks
   (-4).
   It lets you fly.
 y - a +3 ring of evasion (right hand)
 B - an amulet of guardian spirit (around neck)
Wands
 i - a wand of teleportation (1/9)
 D - a wand of acid (8/15)
 E - a wand of flame (26/48)
Scrolls
 q - 3 scrolls of enchant weapon
 z - a scroll of magic mapping
 A - a scroll of fog
Potions
 g - 2 potions of berserk rage {unknown}
 j - 2 potions of degeneration {unknown}
 k - a potion of agility
 m - 4 potions of might {unknown}
 n - a potion of lignification {unknown}
 o - a potion of haste {unknown}
 v - a potion of resistance {unknown}
 C - 2 potions of mutation {unknown}
 G - a potion of curing
 H - a potion of heal wounds {unknown}
Books
 b - a book of Minor Magic

   Spells                             Type                      Level
   a - Magic Dart                     Conjuration                  1
   b - Blink                          Translocation                2
   c - Call Imp                       Summoning                    2
   d - Repel Missiles                 Charms/Air                   2
   e - Slow                           Hexes                        2
   f - Conjure Flame                  Conjuration/Fire             3
   g - Mephitic Cloud                 Conjuration/Poison/Air       3
 e - the Collected Works on the Igneous Snowflakes
   (You found it on level 8 of the Dungeon)

   Spells                             Type                      Level
   a - Inner Flame                    Hexes/Fire                   3
   b - Ice Form                       Ice/Transmutation            4
   c - Fireball                       Conjuration/Fire             5
   d - Ozocubu's Refrigeration        Ice                          6
Comestibles
 c - 3 bread rations
 r - 2 meat rations
 F - 6 chunks of flesh


   Skills:
 + Level 3.1 Fighting
 + Level 4.0 Short Blades
 + Level 4.6 Dodging
 + Level 4.4 Stealth
 + Level 1.1 Unarmed Combat
 + Level 7.2 Spellcasting
 + Level 4.9 Conjurations
 + Level 0.1 Hexes
 + Level 4.4 Summonings
 + Level 1.5 Translocations
 + Level 0.2 Fire Magic
 + Level 2.1 Air Magic
 + Level 1.5 Poison Magic
 + Level 1.8 Evocations


You had 8 spell levels left.
You knew the following spells:

 Your Spells              Type           Power        Failure   Level  Hunger
a - Magic Dart            Conj           ####         1%          1    None
b - Call Imp              Summ           ####....     1%          2    None
c - Blink                 Tloc           N/A          10%         2    None
d - Mephitic Cloud        Conj/Pois/Air  ###.....     10%         3    None
e - Conjure Flame         Conj/Fire      ###.....     10%         3    None
f - Inner Flame           Hex/Fire       #.......     21%         3    None


Dungeon Overview and Level Annotations

Branches:
Dungeon (8/15)             Temple (1/1) D:6            Lair (2/6) D:8
  Swamp: Lair:2-4    Shoals: Lair:2-4     Snake: Lair:2-4    Spider: Lair:2-4

Altars:
Ashenzari
Cheibriados
Dithmenos
Elyvilon
Fedhas
Gozag
Hepliaklqana
Kikubaaqudgha
Makhleb
Nemelex Xobeh
Okawaru
Qazlal
Ru
Sif Muna
Trog
Uskayaw
Vehumet
Xom
Yredelemnul
Zin
The Shining One

Shops:
D:8 %


Innate Abilities, Weirdness & Mutations

You can breathe blasts of scalding, opaque steam.
Your pale cyan-grey scales are hard. (AC +7)
You cannot fit into any form of body armour.
You are cold-blooded and may be slowed by cold attacks.


Message History

You are very lightly contaminated with residual magic.
As you read the scroll of blinking, it crumbles to dust.
The spiny frog is engulfed in a cloud of scalding steam.
Okay, then.
Casting: Blink
Confirm with . or Enter, or press ? or * to list all spells.
Okay, then.
You have got your breath back.
Press: ? - help, Shift-Dir - straight line, f - spiny frog
Aim: a spiny frog (heavily wounded)
You exhale a blast of scalding steam.
The ball of steam misses the spiny frog.
You feel somewhat more hungry.
The spiny frog is engulfed in a cloud of scalding steam.
You hit the spiny frog but do no damage.
The spiny frog is poisoned.
The spiny frog is severely wounded.
The spiny frog is engulfed in a cloud of scalding steam.
The spiny frog stings you!
You die...

##§+#############†## #§.#
#.# #.## #.# #####F# #
#.# #.....# #.##.##
##..### ##.....#
###.####### ###P.....#
##§........#####........#
#.....§F@.........#......
##§........#######.....(#
#..........# ##.....#
##.........# ##...##
#.........# ##.##
######..### ##§.# #..#
##..## #.## ####...#
#P##..####


You could see a spiny frog.

Vanquished Creatures
  A hippogriff (Lair:1)
  Sigmund (D:2)
  5 yaks (Lair:1)
  3 water moccasins
  A porcupine (Lair:1)
  An orc warrior (D:7)
  A sky beast (D:7)
  A black bear (D:7)
  2 phantoms
  2 ogres
  2 crocodiles (Lair:1)
  2 scorpions
  3 killer bees (D:7)
  2 vampire bats (D:5)
  A bullfrog zombie (D:5)
  A bullfrog skeleton (D:4)
  A centaur zombie (Ossuary)
  2 hounds (D:6)
  2 human zombies (Ossuary)
  An orc priest (D:5)
  An orc wizard (D:7)
  An iguana (D:7)
  5 worker ants
  3 big kobold zombies (Ossuary)
  A hound skeleton (D:4)
  8 adders
  A shadow imp (D:7)
  2 oozes
  3 adder zombies
  An adder skeleton (D:4)
  3 worms
  3 dart slugs
  2 leopard geckos
  12 orcs
  A ball python (D:2)
  16 bats
  3 giant cockroaches
  7 goblins
  6 hobgoblins
  12 jackals
  A quokka (D:6)
  3 frilled lizards
  A goblin zombie (Ossuary)
  11 hobgoblin zombies (Ossuary)
  4 kobolds
  4 kobold zombies (Ossuary)
  2 orc zombies (Ossuary)
  8 rats
  A rat zombie (Ossuary)
  A plant (D:8)
162 creatures vanquished.

Vanquished Creatures (collateral kills)
  A centaur zombie (Ossuary)
  An orc priest (D:7)
  2 big kobold zombies (Ossuary)
  2 mummies (Ossuary)
  A worm (D:2)
  2 leopard geckos
  An orc (D:5)
  3 jackals
  A goblin zombie (Ossuary)
  2 hobgoblin zombies (Ossuary)
  A jackal zombie (Ossuary)
  2 kobold zombies (Ossuary)
  3 orc zombies (Ossuary)
22 creatures vanquished.

Grand Total: 184 creatures vanquished

Notes
Turn   | Place    | Note
-------+----------+-------------------------------------------
     0 | D:1      | jerryfan the Draconian Wizard began the quest for the Orb.
     0 | D:1      | Reached XP level 1. HP: 14/14 MP: 4/4
   383 | D:1      | Reached XP level 2. HP: 3/20 MP: 0/6
  1100 | D:2      | Learned a level 2 spell: Call Imp
  1182 | D:2      | Reached XP level 3. HP: 26/26 MP: 1/8
  1519 | D:2      | Learned a level 2 spell: Blink
  1648 | D:2      | Noticed Sigmund
  1662 | D:2      | Killed Sigmund
  1662 | D:2      | Reached skill level 1 in Unarmed Combat
  1662 | D:2      | Reached skill level 4 in Spellcasting
  1662 | D:2      | Reached XP level 4. HP: 4/33 MP: 5/10
  1662 | D:2      | Reached XP level 5. HP: 5/38 MP: 5/11
  2182 | D:2      | Learned a level 3 spell: Mephitic Cloud
  2811 | D:3      | Learned a level 3 spell: Conjure Flame
  3389 | D:3      | Reached XP level 6. HP: 46/46 MP: 10/12
  3592 | D:4      | Got a pitted ivory ring
  3608 | D:4      | Identified the ring of Xeixunyb {+Fly Str+8 Int+2 Dex-2 Slay-4} (You found it on level 4 of the Dungeon)
  3610 | D:4      | Upgraded the game from 0.19-a0-1855-gb7442ac to 0.19-a0-1861-g35def1e
  3640 | D:4      | Reached skill level 1 in Short Blades
  3959 | D:4      | Reached skill level 1 in Fighting
  4229 | D:4      | Reached skill level 5 in Spellcasting
  4229 | D:4      | Your scales start taking on a pale cyan-grey colour.
  4229 | D:4      | Reached XP level 7. HP: 52/52 MP: 11/14
  4513 | D:5      | Entered Level 5 of the Dungeon
  4828 | D:5      | Found a sand-covered staircase.
  4833 | Ossuary  | Entered an ossuary
  6168 | D:6      | Found a staircase to the Ecumenical Temple.
  6171 | D:6      | Got a warped whip
  6174 | D:6      | Identified the +8 whip "Gram" {antimagic, rN+} (You found it on level 6 of the Dungeon)
  6184 | Temple   | Entered the Ecumenical Temple
  6548 | Temple   | Became a worshipper of Sif Muna the Loreminder
  6990 | D:6      | Reached XP level 8. HP: 59/62 MP: 14/16
  7762 | D:7      | Reached skill level 6 in Spellcasting
  8124 | D:7      | Reached * piety under Sif Muna
  8629 | D:8      | Identified the Collected Works on the Igneous Snowflakes
  8635 | D:8      | Learned a level 3 spell: Inner Flame
  8658 | D:8      | Found a staircase to the Lair.
  8668 | D:8      | Found Sazuaprif's Food Shoppe.
  8736 | Lair:1   | Entered Level 1 of the Lair of Beasts
  8736 | Lair:1   | Noticed a hippogriff
  8750 | Lair:1   | Killed a hippogriff
  8750 | Lair:1   | Reached skill level 1 in Air Magic
  8750 | Lair:1   | Reached XP level 9. HP: 63/69 MP: 8/18
  8901 | Lair:1   | Reached skill level 1 in Evocations
  8913 | Lair:1   | Reached skill level 1 in Poison Magic
  8928 | Lair:1   | Reached skill level 7 in Spellcasting
  9151 | Lair:1   | Noticed a spiny frog
  9177 | Lair:1   | Upgraded the game from 0.19-a0-1861-g35def1e to 0.19-a0-1875-g4fea3da
  9194 | Lair:1   | Reached ** piety under Sif Muna
  9226 | Lair:1   | Slain by a spiny frog

Vault maps used:
D:1:      kennysheep_arrival_forest, roderic_serpentine_path
D:2:      first_bread, uniq_sigmund
D:5:      enter_ossuary_5, minmay_guarded_unrand_vampires_tooth
D:8:      due_lair_maze_entry_diamond, serial_shops, shop, blue_anna_alchemist,
          minivault_5, hangedman_glass_teeth, small_statue_intersection
Temple:   compressed_dpeg_triangle_lava_temple
Lair:2:   swamp_mist_pool, grunt_forest_large_clearing_hut, grunt_megastairs_4,
          infiniplex_staircase_pool
Ossuary:  ossuary_tomb_1

Skill      XL: |  1  2  3  4  5  6  7  8  9 |
---------------+----------------------------+-----
Stealth        | 2 3 4 |  4.4
Dodging        | 2 3 4 |  4.6
Unarmed Combat | 1 |  1.1
Spellcasting   | 4 5 6 7 |  7.2
Conjurations   | 2 3 4 |  4.9
Short Blades   | 1 2 3 4 |  4.0
Summonings     | 2 3 4 |  4.4
Fighting       | 1 2 3 |  3.1
Air Magic      | 1 2 |  2.1
Evocations     | 1 |  1.8
Poison Magic   | 1 |  1.5
Hexes          | |  0.1
Translocations | |  1.5
Fire Magic     | |  0.2

Action                   |  1- 3 |  4- 6 |  7- 9 || total
-------------------------+-------+-------+-------++-------
Melee: Unarmed           |    27 |       |       ||    27
       Dagger            |    18 |    82 |   483 ||   583
       Tailslap          |     3 |    10 |    66 ||    79
       Punch             |       |       |     2 ||     2
 Cast: Magic Dart        |    56 |    80 |    86 ||   222
       Call Imp          |     2 |     9 |    31 ||    42
       Conjure Flame     |       |     2 |     3 ||     5
       Mephitic Cloud    |       |     2 |    11 ||    13
       Blink             |       |     1 |     3 ||     4
       Inner Flame       |       |       |     1 ||     1
 Abil: Breathe Steam     |       |       |    18 ||    18
       Evoke Flight      |       |       |     3 ||     3
Evoke: Wand              |       |       |     1 ||     1
  Use: Scroll            |     2 |     4 |    12 ||    18
       Potion            |     1 |     2 |     1 ||     4
 Stab: Distracted        |       |       |     1 ||     1
       Confused          |       |       |     3 ||     3
       Sleeping          |       |       |     1 ||     1
  Eat: Chunk             |     2 |     7 |     7 ||    16
       Fruit             |       |     1 |     2 ||     3
       Royal jelly       |       |     1 |       ||     1
       Meat ration       |       |       |     2 ||     2
       Pizza             |       |       |     1 ||     1
       Beef jerky        |       |       |     1 ||     1
Armor: Skin              |    17 |    34 |   150 ||   201
Dodge: Dodged            |    44 |    70 |   404 ||   518
